 Dungeon Crawl Stone Soup version 0.20.1-1-g8b1a95d (webtiles) character file.

2775 vineage the Carver (level 9, 0/68 HPs)
             Began as a Demonspawn Gladiator on Aug 29, 2017.
             Was a Priest of Okawaru.
             Slain by a crocodile (13 damage)
             ... on level 9 of the Dungeon.
             The game lasted 00:15:19 (7954 turns).

vineage the Carver (Demonspawn Gladiator)           Turns: 7954, Time: 00:15:19

Health: 0/68       AC:  7    Str: 25    XL:     9   Next: 42%
Magic:  0/9        EV: 16    Int:  9    God:    Okawaru [***...]
Gold:   504        SH:  0    Dex: 15    Spells: 8/8 levels left

rFire    . . .     SeeInvis .   a - +2 long sword (vamp)
rCold    . . .     Gourm    .   (no shield)
rNeg     . . .     Faith    .   h - +0 scale mail
rPois    .         Spirit   +   (no helmet)
rElec    .         Reflect  .   (no cloak)
rCorr    .         Harm     .   (no gloves)
MR       +....                  (no boots)
Stlth    ..........             (no amulet)
Regen    0.3/turn               w - +2 ring of evasion
MPRegen  0.3/turn               o - +2 ring of strength

@: mighty
A: claws 1, talons 1, magic resistance 1, magic shield, magic regeneration,
sturdy frame 2
a: Heroism, Renounce Religion


You were on level 9 of the Dungeon.
You worshipped Okawaru.
Okawaru was most pleased with you.
You were hungry.

You visited 2 branches of the dungeon, and saw 10 of its levels.

You collected 504 gold pieces.

Inventory:

Hand Weapons
 a - a +2 vampiric long sword (weapon)
Missiles
 d - 5 throwing nets (quivered)
 u - 7 javelins of returning
Armour
 c - a +1 helmet
 h - a +0 scale mail (worn)
Jewellery
 g - an uncursed ring of wizardry
 o - a +2 ring of strength (right claw)
 q - an uncursed ring of protection from cold
 w - a +2 ring of evasion (left claw)
 C - an uncursed ring of ice {unknown}
 E - an uncursed ring of magical power {unknown}
Wands
 y - a wand of scattershot (8/9)
 z - a wand of clouds (7/9)
 A - a wand of acid (7/15)
Scrolls
 i - 2 scrolls of remove curse
 m - a scroll of fog {unknown}
 n - 4 scrolls of teleportation
 s - 4 scrolls of identify
 x - a scroll of amnesia
 D - a scroll of enchant weapon
Potions
 e - 2 potions of agility
 j - a potion of haste
 k - 3 potions of degeneration
 r - 2 potions of brilliance
 v - 3 potions of magic
Books
 b - a book of Minor Magic

   Spells                             Type                      Level
   a - Magic Dart                     Conjuration                  1
   b - Blink                          Translocation                2
   c - Call Imp                       Summoning                    2
   d - Slow                           Hexes                        2
   e - Conjure Flame                  Conjuration/Fire             3
   f - Mephitic Cloud                 Conjuration/Poison/Air       3
 B - a book of Changes

   Spells                             Type                      Level
   a - Beastly Appendage              Transmutation                1
   b - Sticks to Snakes               Transmutation                2
   c - Spider Form                    Transmutation/Poison         3
   d - Ice Form                       Ice/Transmutation            4
   e - Blade Hands                    Transmutation                5
Comestibles
 f - 10 bread rations
 l - a fruit
 p - 4 meat rations


   Skills:
 + Level 5.6 Fighting
 + Level 8.3 Long Blades
 + Level 2.0 Throwing
 + Level 6.0 Armour
 + Level 4.9 Dodging
 + Level 1.0 Stealth
 + Level 0.6 Invocations


You had 8 spell levels left.
You didn't know any spells.

Dungeon Overview and Level Annotations

Branches:
Dungeon (9/15)             Temple (1/1) D:4
   Lair: D:8-11         Orc: D:9-12

Altars:
Ashenzari
Cheibriados
Dithmenos
Elyvilon
Fedhas
Gozag
Kikubaaqudgha
Makhleb
Nemelex Xobeh
Okawaru
Qazlal
Ru
Sif Muna
Trog
Uskayaw
Vehumet
Xom
Yredelemnul
Zin
The Shining One

Shops:
D:8 ?


Innate Abilities, Weirdness & Mutations

You have sharp toenails.
When hurt, damage is shared between your health and your magic reserves.
You regenerate magic rapidly.
Your movements are less encumbered by armour. (ER -4)
You have sharp fingernails.
You are resistant to hostile enchantments. (MR+)


Message History

The troll bites you! The troll misses you. The troll claws you.
You hit the troll.
You feel better.
The troll is lightly wounded.
The crocodile misses you. The troll closely misses you.
You riposte.
You hit the troll but do no damage.
The troll is lightly wounded.
The troll claws you! The troll misses you.
You hit the troll but do no damage. Your kick misses the troll.
The troll is lightly wounded.
The crocodile closely misses you. The troll bites you.
The troll closely misses you. The troll claws you but does no damage.
You hit the troll. You claw the troll.
The troll is moderately wounded.
The crocodile closely misses you. The troll bites you! The troll claws you.
* * * LOW HITPOINT WARNING * * *
The troll claws you.
* * * LOW HITPOINT WARNING * * *
You feel very mighty all of a sudden. The crocodile bites you!
You die...

......# ......# ..###.
......##############......
.........................
....##.................###
....##....................
#...##....###.............
....##....# #....t........
..........###...@T........
..........................
##########################


You could see a troll and a crocodile.

Vanquished Creatures
  Menkaure (D:5)
  A water moccasin (D:9)
  Duvessa (D:5)
  An ice beast (D:8)
  An orc warrior (D:8)
  A sky beast (D:8)
  An ogre (D:7)
  4 bullfrogs
  2 scorpions
  Dowan (D:5)
  13 killer bees
  A howler monkey (D:4)
  3 crimson imps
  A quasit (D:6)
  5 hounds
  2 jellies
  5 orc priests
  4 orc wizards
  Jessica (D:2)
  2 iguanas
  A worker ant (D:8)
  Robin (D:4)
  9 gnolls
  A howler monkey skeleton (D:4)
  11 adders
  A worm (D:2)
  6 dart slugs
  5 leopard geckos
  25 orcs
  4 bats
  A bat zombie (D:2)
  3 giant cockroaches
  15 hobgoblins
  2 quokkas
  3 ball pythons
  5 frilled lizards
  27 goblins
  14 kobolds
  A leopard gecko skeleton (D:4)
  A leopard gecko zombie (D:5)
  6 rats
193 creatures vanquished.

Notes
Turn   | Place    | Note
-------+----------+-------------------------------------------
     0 | D:1      | vineage the Demonspawn Gladiator began the quest for the Orb.
     0 | D:1      | Reached XP level 1. HP: 16/16 MP: 1/1
   104 | D:1      | Reached skill level 3 in Long Blades
   104 | D:1      | Gained mutation: When hurt, damage is shared between your health and your magic reserves. [demonic ancestry]
   104 | D:1      | Reached XP level 2. HP: 16/22 MP: 2/2
   392 | D:1      | Gained mutation: Your movements are slightly less encumbered by armour. (ER -2) [demonic ancestry]
   392 | D:1      | Reached XP level 3. HP: 27/27 MP: 3/3
  1071 | D:2      | Noticed Jessica
  1076 | D:2      | Killed Jessica
  1076 | D:2      | Gained mutation: You have sharp toenails. [demonic ancestry]
  1076 | D:2      | Reached XP level 4. HP: 27/34 MP: 4/4
  1302 | D:2      | Reached skill level 1 in Armour
  1304 | D:2      | Found an ancient bone altar of Kikubaaqudgha.
  1422 | D:3      | Reached skill level 4 in Long Blades
  1654 | D:3      | Found a deep blue altar of Sif Muna.
  1657 | D:3      | Found a basalt altar of Yredelemnul.
  1674 | D:3      | Gained mutation: You regenerate magic rapidly. [demonic ancestry]
  1674 | D:3      | Reached XP level 5. HP: 36/39 MP: 5/5
  2198 | D:3      | Found a sparkling altar of Nemelex Xobeh.
  2283 | D:3      | Gained mutation: Your magical capacity is low. (-10% MP) [potion of mutation]
  2283 | D:3      | Gained mutation: You do not regenerate when monsters are visible. [potion of mutation]
  2283 | D:3      | Gained mutation: You have a pair of small antennae on your head. [potion of mutation]
  2284 | D:3      | Lost mutation: You have a pair of small antennae on your head. [potion of mutation]
  2284 | D:3      | Lost mutation: Your magical capacity is low. (-10% MP) [potion of mutation]
  2284 | D:3      | Lost mutation: You do not regenerate when monsters are visible. [potion of mutation]
  2284 | D:3      | Gained mutation: You have sharp fingernails. [potion of mutation]
  2284 | D:3      | Gained mutation: You are resistant to hostile enchantments. (MR+) [potion of mutation]
  2294 | D:4      | Found a staircase to the Ecumenical Temple.
  2295 | D:4      | Noticed Robin
  2314 | D:4      | Killed Robin
  2320 | D:4      | Reached XP level 6. HP: 29/46 MP: 2/6
  2457 | Temple   | Entered the Ecumenical Temple
  2566 | Temple   | Became a worshipper of Warmaster Okawaru
  2641 | D:4      | Found a glowing silver altar of Zin.
  2681 | D:4      | Reached skill level 5 in Long Blades
  3464 | D:5      | Entered Level 5 of the Dungeon
  3495 | D:5      | Noticed Menkaure
  3509 | D:5      | Killed Menkaure
  3509 | D:5      | Reached * piety under Okawaru
  3509 | D:5      | Reached XP level 7. HP: 34/52 MP: 4/7
  3614 | D:5      | Found a shadowy altar of Dithmenos.
  3656 | D:5      | Found a white marble altar of Elyvilon.
  4078 | D:5      | Noticed Dowan
  4080 | D:5      | Noticed Duvessa
  4087 | D:5      | Killed Dowan
  4087 | D:5      | Reached skill level 6 in Long Blades
  4100 | D:5      | Killed Duvessa
  4100 | D:5      | Reached ** piety under Okawaru
  4905 | D:6      | Reached XP level 8. HP: 48/60 MP: 6/8
  5259 | D:6      | Found a stormy altar of Qazlal.
  6104 | D:7      | Found a glowing golden altar of the Shining One.
  6239 | D:7      | Reached skill level 7 in Long Blades
  6305 | D:7      | Found a snail-covered altar of Cheibriados.
  6343 | D:7      | Reached skill level 5 in Armour
  6746 | D:8      | Reached skill level 1 in Stealth
  6763 | D:8      | Found a burning altar of Makhleb.
  6789 | D:8      | Gained mutation: Your movements are less encumbered by armour. (ER -4) [demonic ancestry]
  6789 | D:8      | Reached XP level 9. HP: 67/67 MP: 6/9
  6910 | D:8      | Found Vaom's Magic Scroll Boutique.
  6919 | D:8      | Reached *** piety under Okawaru
  6923 | D:8      | Reached skill level 5 in Fighting
  6939 | D:8      | Received a gift from Okawaru
  6956 | D:8      | Reached skill level 8 in Long Blades
  7943 | D:9      | Noticed a troll
  7954 | D:9      | Slain by a crocodile

Skill      XL: |  1  2  3  4  5  6  7  8  9 |
---------------+----------------------------+-----
Long Blades    | 3 4 5 6 7 8 |  8.3
Throwing       | 2 |  2.0
Dodging        | 3 4 |  4.9
Armour         | 1 2 3 5 6 |  6.0
Fighting       | 3 4 5 |  5.6
Stealth        | 1 |  1.0
Invocations    | |  0.6

Action                   |  1- 3 |  4- 6 |  7- 9 || total
-------------------------+-------+-------+-------++-------
Melee: Long sword        |    87 |   206 |   294 ||   587
       Kick              |       |    76 |    82 ||   158
Invok: Heroism           |       |       |     3 ||     3
  Use: Scroll            |       |    11 |    12 ||    23
       Potion            |       |     4 |    10 ||    14
  Eat: Chunk             |       |     8 |    11 ||    19
       Fruit             |       |       |     2 ||     2
       Royal jelly       |       |       |     1 ||     1
Armor: Leather armour    |     4 |       |       ||     4
       Scale mail        |    24 |    79 |    83 ||   186
       Skin              |       |       |    27 ||    27
Dodge: Dodged            |    64 |   140 |   224 ||   428
       Rpst.: Long sword |    22 |    38 |    61 ||   121
